 Dungeon Crawl Stone Soup version 0.16.2-12-gd0ad4c3 (webtiles) character file.

15415 Peloso the Blocker (level 12, 0/107 HPs)
             Began as a Minotaur Fighter on Oct 31, 2015.
             Was a High Priest of Okawaru.
             Slain by a yak (6 damage)
             ... on level 13 of the Dungeon.
             The game lasted 00:52:32 (11971 turns).

Peloso the Blocker (Minotaur Fighter)              Turns: 11971, Time: 00:52:32

Health: 0/107      AC: 22    Str: 24    XL:     12   Next: 1%
Magic:  8/8        EV:  9    Int:  5    God:    Okawaru [*****.]
Gold:   741        SH: 14    Dex: 12    Spells: 0 memorised, 11 levels left

rFire  . . .     SeeInvis .     a - +0 long sword (curse)
rCold  . . .     Clarity  .     Q - +0 plate armour
rNeg   . . .     SustAb   .     c - +1 shield
rPois  +         Gourm    .     (helmet restricted)
rElec  .         Spirit   .     g - +0 cloak
rCorr  .         Warding  .     O - +0 pair of gloves
rMut   .         Stasis   .     (no boots)
MR     .....                    M - amulet of regeneration
Stlth  ..........               h - ring of poison resistance
                                k - +4 ring of protection

@: manticore barbs, very slightly contaminated, not resistant to hostile
enchantments, extremely unstealthy
A: retaliatory headbutt, horns 2
a: Heroism, Finesse, Renounce Religion


You were on level 13 of the Dungeon.
You worshipped Okawaru.
Okawaru was extremely pleased with you.
You were hungry.

You visited 2 branches of the dungeon, and saw 14 of its levels.

You collected 741 gold pieces.

Inventory:

Hand weapons
 a - a cursed +0 long sword (weapon)
 o - a +2 dagger of flaming
 R - a cursed +1 great sword of freezing
Armour
 c - a +1 shield (worn)
 g - a +0 cloak (worn)
 O - a +0 pair of gloves (worn)
 Q - a +0 plate armour (worn)
Jewellery
 h - a ring of poison resistance (right hand)
 k - a +4 ring of protection (left hand)
 I - an uncursed ring of wizardry
 M - an amulet of regeneration (around neck)
Magical devices
 j - a wand of disintegration (13)
 s - a wand of teleportation (0)
 t - a wand of cold (12)
 v - a wand of paralysis (11)
 y - a wand of disintegration (9)
 G - a wand of draining (7)
 J - a wand of heal wounds (8)
 P - a wand of frost (37)
Scrolls
 n - 2 scrolls of magic mapping
 r - 3 scrolls of enchant armour
 E - 2 scrolls of amnesia
 N - 2 scrolls of recharging
 S - a scroll of identify
Potions
 b - 2 potions of magic
 e - a potion of haste
 f - 3 potions of invisibility
 u - 2 potions of restore abilities
 w - 3 potions of curing
 z - a potion of cure mutation {unknown}
 A - a potion of cancellation {unknown}
 D - 4 potions of agility {unknown}
 K - a potion of brilliance {unknown}
Books
 l - a book of the Tempests

   Spells                             Type                      Level
   a - Static Discharge               Conjuration/Air              3
   b - Lightning Bolt                 Conjuration/Air              5
   c - Fireball                       Conjuration/Fire             5
   d - Tornado                        Air                          9
   e - Shatter                        Earth                        9
 B - a book of Envenomations

   Spells                             Type                      Level
   a - Spider Form                    Transmutation/Poison         3
   b - Alistair's Intoxication        Transmutation/Poison         4
   c - Olgreb's Toxic Radiance        Poison                       4
   d - Poisonous Cloud                Conjuration/Poison/Air       6
 F - a book of Necromancy

   Spells                             Type                      Level
   a - Pain                           Necromancy                   1
   b - Animate Skeleton               Necromancy                   1
   c - Vampiric Draining              Necromancy                   3
   d - Regeneration                   Charms/Necromancy            3
   e - Animate Dead                   Necromancy                   4
   f - Control Undead                 Necromancy                   4
 H - a Grand Grimoire {highlevel, unknown}

   This book is beyond your current level of understanding.

   Spells                             Type                      Level
   a - Aura of Abjuration             Summoning                    6
   b - Summon Greater Demon           Summoning                    7
   c - Malign Gateway                 Summoning/Translocation      7
   d - Summon Horrible Things         Summoning                    8
Comestibles
 d - 13 bread rations
 i - 15 fruits
 m - a slice of pizza
 q - 5 meat rations
 C - a beef jerky
 L - 10 chunks of flesh


   Skills:
 + Level 10.5 Fighting
 + Level 11.7 Long Blades
 + Level 11.3 Armour
 + Level 6.1 Dodging
 + Level 0.3 Stealth
 + Level 12.5 Shields
 + Level 1.7 Invocations


You had 11 spell levels left.
You didn't know any spells.

Dungeon Overview and Level Annotations

Branches:
Dungeon (13/15)            Temple (1/1) D:5            Lair (0/8) D:10
    Orc (0/4) D:11
 Vaults: D:13-14

Altars:
Cheibriados
Dithmenos
Elyvilon
Fedhas
Gozag
Kikubaaqudgha
Okawaru
Ru
Sif Muna
Vehumet
Xom
Yredelemnul
Zin
The Shining One

Shops:
D:4 *:   D:6 (   D:10 %


Innate Abilities, Weirdness & Mutations

You reflexively headbutt those who attack you in melee.
You have a pair of horns on your head.


Message History

* * * LOW HITPOINT WARNING * * *
You block the yak's attack. x2
Unknown command.
You slash the yak! You headbutt the yak, but do no damage.
The yak is severely wounded.
You block the killer bee's attack. The yak closely misses you.
The killer bee barely misses you. The yak gores you but does no damage.
The yak gores you but does no damage.
Unknown command.
Read which item? (? for menu, Esc to quit)
Okay, then.
Drink which item? (? for menu, Esc to quit)
It was a potion of curing.
You feel better. You block the killer bee's attack. You block the yak's attack.
The yak gores you!
* * * LOW HITPOINT WARNING * * *
You block the killer bee's attack. The yak gores you but does no damage.
You hit the yak.
The yak is almost dead.
The killer bee closely misses you. The yak gores you.
You die...

****,,,,,,,*
#..,,,,**,,,,,,,,,
,,,,,,,,,,,*
#.....,**,,,,,,,,,
,,,,,*****,*
#......**,,,,,,,,,
,***,* *,*
#<.....#*,,,,,,,,, **
*,* *,*
#......#*,,,,,,,,, * *,*
*,* #......#*,,<,,,,,, *
*,* *,*
#......#*,,,,,,,,, * *,*
#.#####YY....#*,,,,,,,,,
** *,*
#......@yY...##.,,,,,,,,
,* *,*
#..#####Y........,,,,,,,
,* *,* *,<*
#.†.......,,,,,,, ,* *,*
*,,* #......##.**,,,,,
,***,*****,,*
#......#*,**,,,,,
,,,,,,,,,,,,*
#......#*,**,,,,,
,,,,,,,,,,,,*
#.....(#*,**,,,,,
,,,,,,***,,,*
#......#*,**,,,,,
,**,,,* *,,,*
#......#*,**,,,,,


You could see 4 yaks and a killer bee.

Vanquished Creatures
  2 unseen horrors (D:12)
  Erolcha (D:11)
  3 skeletal warriors (D:11)
  A hill giant (D:10)
  An ugly thing (D:12)
  2 manticores
  2 cyclopes (D:11)
  2 gargoyles
  Prince Ribbit (D:5)
  A two-headed ogre (D:10)
  A troll (D:11)
  A deep elf mage (D:11)
  A spriggan (D:7)
  6 yaks
  3 wyverns
  2 hippogriffs
  A steam dragon (D:11)
  Eustachio (D:5)
  2 water moccasins
  5 ogres
  7 necrophages
  7 orc warriors
  3 ice beasts
  2 phantoms
  2 eyes of draining
  6 centaurs
  Sigmund (D:2)
  Duvessa (D:6)
  A big kobold (D:8)
  Blork the orc (D:6)
  6 giant frogs
  A water moccasin zombie (D:11)
  2 water moccasin skeletons
  12 killer bees
  3 scorpions
  8 wights
  A goliath beetle (D:5)
  5 hounds
  Dowan (D:6)
  5 crimson imps
  5 orc priests
  A centaur skeleton (D:10)
  A centaur zombie (D:9)
  8 orc wizards
  3 jellies
  An iguana (D:4)
  A quasit (D:6)
  11 worker ants
  A killer bee zombie (D:9)
  A hound skeleton (D:8)
  A mummy (D:12)
  A worker ant zombie (D:9)
  Robin (D:2)
  4 gnolls (D:5)
  2 river rats (D:10)
  10 adders
  3 shadow imps
  3 giant mites
  3 worms
  3 adder skeletons
  5 giant geckos
  An ooze (D:5)
  38 orcs
  24 bats
  7 giant cockroaches
  14 hobgoblins
  31 jackals
  20 kobolds
  2 quokkas
  4 giant newts
  25 goblins
  A quokka skeleton (D:5)
  A quokka zombie (D:5)
  19 rats
  3 ballistomycetes (D:10)
  A bush (D:9)
  3 fungi (D:10)
377 creatures vanquished.

Vanquished Creatures (others)
  A giant spore (D:10)
  7 plants (D:9)
8 creatures vanquished.

Grand Total: 385 creatures vanquished

Notes
Turn   | Place    | Note
--------------------------------------------------------------
     0 | D:1      | Peloso, the Minotaur Fighter, began the quest for the Orb.
     0 | D:1      | Reached XP level 1. HP: 19/19 MP: 1/1
   209 | D:1      | Reached XP level 2. HP: 27/27 MP: 1/1
   503 | D:1      | Reached skill level 4 in Shields
   724 | D:2      | Noticed Robin
   734 | D:2      | Reached XP level 3. HP: 22/33 MP: 2/2
   754 | D:2      | Killed Robin
   951 | D:2      | Noticed Sigmund
  1210 | D:2      | Found a shadowy altar of Dithmenos.
  1214 | D:2      | Found a white marble altar of Elyvilon.
  1265 | D:2      | Killed Sigmund
  1265 | D:2      | Reached skill level 1 in Dodging
  1265 | D:2      | Reached skill level 5 in Shields
  1265 | D:2      | Reached XP level 4. HP: 25/40 MP: 2/2
  1265 | D:2      | Reached XP level 5. HP: 28/46 MP: 2/2
  1614 | D:3      | Found a snail-covered altar of Cheibriados.
  1615 | D:3      | Found an ancient bone altar of Kikubaaqudgha.
  2340 | D:4      | Noticed an ogre
  2347 | D:4      | Killed an ogre
  2347 | D:4      | Reached skill level 5 in Armour
  2347 | D:4      | Reached XP level 6. HP: 39/55 MP: 3/3
  2383 | D:4      | Found Zin's Purification Station.
  2386 | D:4      | Found a glowing silver altar of Zin.
  2401 | D:4      | Found Iquuph's Book Emporium.
  2457 | D:4      | Reached skill level 5 in Fighting
  2803 | D:4      | Noticed a centaur
  2828 | D:4      | Killed a centaur
  2828 | D:4      | Reached XP level 7. HP: 46/61 MP: 3/3
  2976 | D:5      | Entered Level 5 of the Dungeon
  3123 | D:5      | Reached skill level 6 in Shields
  3179 | D:5      | Reached skill level 5 in Long Blades
  3368 | D:5      | Reached XP level 8. HP: 50/70 MP: 0/3
  3466 | D:5      | Found an opulent altar of Gozag.
  3660 | D:5      | Found a staircase to the Ecumenical Temple.
  3670 | Temple   | Entered the Ecumenical Temple
  3751 | Temple   | Became a worshipper of Warmaster Okawaru
  4104 | D:5      | Found a deep blue altar of Sif Muna.
  4135 | D:5      | Reached skill level 7 in Shields
  4155 | D:5      | Noticed Prince Ribbit
  4206 | D:5      | Killed Prince Ribbit
  4559 | D:5      | Noticed Eustachio
  4574 | D:5      | Killed Eustachio
  4651 | D:5      | Noticed a two-headed ogre
  5189 | D:6      | Reached skill level 8 in Shields
  5191 | D:6      | Noticed Dowan
  5194 | D:6      | Noticed Duvessa
  5215 | D:6      | Killed Duvessa
  5231 | D:6      | Acquired Okawaru's first power
  5232 | D:6      | Killed Dowan
  5501 | D:6      | Reached XP level 9. HP: 71/78 MP: 4/4
  5640 | D:6      | Noticed Blork the orc
  5647 | D:6      | Killed Blork the orc
  5657 | D:6      | Found Zaerghax's Weapon Shop.
  6145 | D:7      | Found a basalt altar of Yredelemnul.
  7099 | D:8      | Reached skill level 9 in Shields
  7702 | D:8      | Reached skill level 5 in Dodging
  8549 | D:9      | Reached XP level 10. HP: 82/88 MP: 4/4
  8688 | D:9      | Found a blossoming altar of Fedhas.
  8795 | D:9      | Reached skill level 10 in Shields
  9112 | D:10     | Entered Level 10 of the Dungeon
  9255 | D:10     | Noticed a hill giant
  9270 | D:10     | Killed a hill giant
  9359 | D:10     | Found a staircase to the Lair.
  9383 | D:10     | Reached skill level 10 in Long Blades
  9683 | D:10     | Found Hoiwade's Food Boutique.
  9952 | D:11     | Reached skill level 11 in Shields
 10140 | D:11     | Noticed a skeletal warrior
 10141 | D:11     | Noticed a skeletal warrior
 10180 | D:11     | Killed a skeletal warrior
 10180 | D:11     | Reached XP level 11. HP: 52/95 MP: 3/4
 10200 | D:11     | Killed a skeletal warrior
 10200 | D:11     | Reached skill level 10 in Armour
 10286 | D:11     | Noticed a skeletal warrior
 10307 | D:11     | Killed a skeletal warrior
 10330 | D:11     | Noticed a cyclops
 10334 | D:11     | Noticed Erolcha
 10341 | D:11     | Found a staircase to the Orcish Mines.
 10564 | D:11     | Noticed a cyclops
 10580 | D:11     | Killed a cyclops
 10630 | D:11     | Killed Erolcha
 10859 | D:11     | Received a gift from Okawaru
 10891 | D:11     | Killed a cyclops
 11007 | D:11     | Noticed a manticore
 11030 | D:11     | Killed a manticore
 11030 | D:11     | Acquired Okawaru's second power
 11030 | D:11     | Reached skill level 1 in Invocations
 11659 | D:12     | Killed an unseen horror
 11659 | D:12     | Reached skill level 10 in Fighting
 11659 | D:12     | Reached skill level 12 in Shields
 11743 | D:12     | Killed an unseen horror
 11929 | D:12     | You fall through a shaft!
 11959 | D:13     | Reached XP level 12. HP: 49/107 MP: 8/8
 11970 | D:13     | HP: 5/107 [yak (11)]
 11971 | D:13     | Slain by a yak

Action                   |  1- 3 |  4- 6 |  7- 9 | 10-12 || total
-------------------------+-------+-------+-------+-------++-------
Melee: Long sword        |   103 |   131 |   522 |   779 ||  1535
Invok: Heroism           |       |       |       |     9 ||     9
Evoke: Wand              |       |       |     1 |       ||     1
  Use: Scroll            |       |       |    15 |     8 ||    23
       Potion            |       |       |     2 |     2 ||     4
  Eat: Beef jerky        |     1 |       |       |     1 ||     2
       Chunk             |       |     3 |    18 |    14 ||    35
       Pizza             |       |       |     1 |     1 ||     2
